 Dungeon Crawl Stone Soup version 0.17-a0-1714-g35622ae (webtiles) character file.

32 kae the Slasher (level 3, -5/31 HPs)
             Began as a Minotaur Fighter on Aug 23, 2015.
             Slain by Sigmund
             ... wielding a +0 scythe
              (7 damage)
             ... on level 2 of the Dungeon.
             The game lasted 00:00:44 (967 turns).

kae the Slasher (Minotaur Fighter)                   Turns: 967, Time: 00:00:44

Health: -5/31      AC:  9    Str: 25    XL:     3   Next: 10%
Magic:  2/2        EV:  7    Int:  6    God:
Gold:   100        SH:  9    Dex:  9    Spells: 0 memorised, 2 levels left

rFire  . . .     SeeInvis .     a - +0 long sword
rCold  . . .     Clarity  .     b - +0 scale mail
rNeg   . . .     SustAt   .     c - +0 shield
rPois  .         Gourm    .     (helmet restricted)
rElec  .         Spirit   .     p - +0 cloak
rCorr  .         Warding  .     g - +0 pair of gloves
rMut   .         Stasis   .     (no boots)
MR     .....                    (no amulet)
Stlth  ..........               (no ring)
                                (no ring)

@: mighty, not resistant to hostile enchantments, extremely unstealthy
A: retaliatory headbutt, horns 2
a: no special abilities


You were on level 2 of the Dungeon.
You were not hungry.

You visited 1 branch of the dungeon, and saw 2 of its levels.

You collected 100 gold pieces.

Inventory:

Hand weapons
 a - a +0 long sword (weapon)
Armour
 b - a +0 scale mail (worn)
 c - a +0 shield (worn)
 g - a +0 pair of gloves (worn)
 p - a +0 cloak (worn)
Jewellery
 l - a cursed -2 ring of protection {unknown}
Scrolls
 f - 4 scrolls of fear {unknown}
 h - 4 scrolls of amnesia {unknown}
 i - a scroll of blinking {unknown}
 j - a scroll of magic mapping {unknown}
 n - a scroll of recharging {unknown}
 o - 2 scrolls of immolation {unknown}
 q - a scroll of identify {unknown}
 r - a scroll of enchant weapon {unknown}
Potions
 d - a potion of might
 m - a potion of heal wounds {unknown}
 s - 2 potions of cancellation {unknown}
 t - a potion of magic {unknown}
Comestibles
 e - a bread ration
 k - a meat ration


   Skills:
 - Level 3.6 Fighting
 + Level 4.3 Long Blades
 - Level 3.6 Armour
 - Level 3.6 Shields


You had 2 spell levels left.
You didn't know any spells.

Dungeon Overview and Level Annotations

Branches:
Dungeon (2/15)

Altars:
Fedhas

Annotations:
D:2 Sigmund


Innate Abilities, Weirdness & Mutations

You reflexively headbutt those who attack you in melee.
You have a pair of horns on your head.


Message History

Deactivating autopickup; reactivate with Ctrl-A.
Drink which item? (? for menu, Esc to quit)
You feel very mighty all of a sudden.
You hear some strange, mumbled words.
A puff of flame appears from out of thin air!
The puff of flame hits you!
You closely miss something. You headbutt something!
You hear some strange, mumbled words.
A puff of flame appears from out of thin air!
The puff of flame hits you!
You barely miss something.
You hear some strange, mumbled words.
Something tries to affect you, but you resist.
You miss something. Your headbutt misses something. Something hits you!
You barely miss something. You headbutt something! Something hits you!
* * * LOW HITPOINT WARNING * * *
You miss something. Your headbutt misses something. Something hits you.
* * * LOW HITPOINT WARNING * * *
You hit something. Something hits you!
You die...

## #### ... #######!.
.... ........###$....
.............# ##..@{...#
#### ###..###.###
#..###........####
##..#.....###.<...##
#...[..#####.......##
#...#......####.........#
#...#...................#
....##..#.####.........<#
#... #..#.# #.........[#


There were no monsters in sight!

Vanquished Creatures
  2 adders (D:2)
  2 giant geckos
  2 giant cockroaches (D:2)
  3 goblins
  2 hobgoblins (D:1)
  2 kobolds (D:2)
  A giant newt (D:1)
14 creatures vanquished.

Notes
Turn   | Place    | Note
--------------------------------------------------------------
     0 | D:1      | kae the Minotaur Fighter began the quest for the Orb.
     0 | D:1      | Reached XP level 1. HP: 19/19 MP: 0/0
   372 | D:1      | Reached XP level 2. HP: 13/26 MP: 1/1
   888 | D:2      | Found a blossoming altar of Fedhas.
   907 | D:2      | Reached skill level 4 in Long Blades
   907 | D:2      | Reached XP level 3. HP: 29/31 MP: 2/2
   956 | D:2      | Noticed Sigmund
   967 | D:2      | Slain by Sigmund

Vault maps used:
D:1:      lemuel_arrival_lava_pool, minmay_box_of_dots
D:2:      old_standard_altar, nicolae_overflow_hidden_temple, uniq_sigmund,
          uniq_robin

Action                   || total
-------------------------++-------
Melee: Long sword        ||    38
  Use: Potion            ||     1
